 Dungeon Crawl Stone Soup version 0.17-a0-2002-g92c7e20 (webtiles) character file.

2755 Goblin1989 the Martial Artist (level 9, -8/49 HPs)
             Began as a Vine Stalker Monk on Oct 8, 2015.
             Was an Elder of Makhleb.
             Mangled by an orc warrior
             ... wielding a +0 glaive
              (14 damage)
             ... on level 7 of the Dungeon.
             The game lasted 00:35:27 (5778 turns).

Goblin1989 the Martial Artist (Vine Stalker Monk)   Turns: 5778, Time: 00:35:28

Health: -8/49      AC:  6    Str: 16    XL:     9   Next: 68%
Magic:  0/10       EV: 13    Int: 13    God:    Makhleb [****..]
Gold:   342        SH:  0    Dex: 18    Spells: 0 memorised, 8 levels left

rFire  + . .     SeeInvis .       - Unarmed
rCold  . . .     Clarity  .     D - +1 robe {rF+}
rNeg   + . .     SustAt   .     (no shield)
rPois  +         Gourm    .     (no helmet)
rElec  .         Spirit   +     N - +0 cloak {rPois}
rCorr  .         Warding  +     (no gloves)
rMut   .         Stasis   .     (no boots)
MR     +....                    l - amulet of warding
Stlth  ++........               A - +3 ring of intelligence
                                m - +2 ring of protection

@: drained, somewhat resistant to hostile enchantments, unstealthy
A: fangs 3, regeneration 2, magic shield, antimagic bite, no device heal 3, rot
immunity
a: Minor Destruction, Lesser Servant of Makhleb, Major Destruction, Renounce
Religion


You were on level 7 of the Dungeon.
You worshipped Makhleb.
Makhleb was greatly pleased with you.
You were not hungry.

You visited 1 branch of the dungeon, and saw 7 of its levels.
You also visited: Bailey.

You collected 342 gold pieces.

Inventory:

Hand Weapons
 b - a +1 blowgun
 e - a +0 halberd
 H - a +0 spear
 M - a +0 halberd
Missiles
 y - 29 poisoned needles (quivered)
Armour
 p - a +2 cloak
 w - a +0 ring mail
 D - a +1 robe of fire resistance (worn)
 N - a +0 cloak of poison resistance (worn)
 O - a +2 scale mail of magic resistance
 P - a +3 plate armour of cold resistance
Jewellery
 l - an amulet of warding (around neck)
 m - a +2 ring of protection (left hand)
 A - a +3 ring of intelligence (right hand)
Wands
 t - a wand of confusion (15)
 x - a wand of slowing (14)
 B - a wand of digging (24)
 G - a wand of random effects (27)
 I - a wand of digging (6)
Scrolls
 c - 3 scrolls of enchant armour
 g - 3 scrolls of fear
 h - 2 scrolls of blinking
 i - a scroll of amnesia
 j - 2 scrolls of teleportation
 k - a scroll of immolation
 u - 5 scrolls of remove curse
Potions
 a - a potion of mutation
 f - 2 potions of haste
 o - 3 potions of curing
 r - 4 potions of flight
 s - 2 potions of lignification
 z - a potion of agility {unknown}
 C - a potion of cancellation
 J - a potion of poison {unknown}
 K - a potion of might {unknown}
Books
 q - a book of Envenomations

   Spells                             Type                      Level
   a - Spider Form                    Transmutation/Poison         3
   b - Alistair's Intoxication        Transmutation/Poison         4
   c - Olgreb's Toxic Radiance        Poison                       4
   d - Poisonous Cloud                Conjuration/Poison/Air       6
Comestibles
 d - 3 meat rations
 n - 2 bread rations
 v - 4 chunks of flesh
 E - 2 beef jerkies
 F - 4 fruits
 L - a slice of pizza


   Skills:
 * Level 6.7(6.3) Fighting
 - Level 6.0(5.7) Throwing
 - Level 2.4(2.1) Dodging
 - Level 2.4(2.1) Stealth
 + Level 9.8(9.4) Unarmed Combat


You had 8 spell levels left.
You didn't know any spells.

Dungeon Overview and Level Annotations

Branches:
Dungeon (7/15)
 Temple: D:4-7

Altars:
Cheibriados
Fedhas
Makhleb
Xom
The Shining One

Annotations:
D:3 Nico3ck's ghost, amateur NaWz


Innate Abilities, Weirdness & Mutations

You have razor-sharp teeth.
You heal very quickly.
When hurt, damage is shared between your health and your magic reserves.
Your bite disrupts and absorbs the magic of your enemies.
Potions and wands cannot restore your health.
You are immune to rotting.


Message History

The orc warrior hits you from afar with a glaive!
The orc priest hits you but does no damage.
You hit the orc priest. You bite the orc priest. You drain its power.
You feel invigorated.
The orc priest is severely wounded.
The orc priest hits you with a short sword.
The orc warrior hits you from afar with a glaive!!
* * * LOW HITPOINT WARNING * * *
You hit the orc priest.
You kill the orc priest!
Makhleb accepts your kill.
You feel better.
You completely miss the orc. Your bite misses the orc.
The orc warrior barely misses you. The orc hits you but does no damage.
You partially resist.
You feel drained.
You hit the orc but do no damage. You closely miss the orc.
You bite the orc, but do no damage. The orc hits you but does no damage.
You partially resist.
You feel drained.
The orc warrior hits you from afar with a glaive!
You die...

.....##.....<.......
.................###
.......)........##
#...#.)∩)......## #
#..)..#....#
#.....##.#.#
###Zo###.#.# ##o#
..#.# #@# o##.#
#.##.##.# #.......#
####.##.# #


You could see an orc warrior, an orc and a centaur skeleton.

Vanquished Creatures
  2 orc knights (Bailey)
  Sigmund (D:4)
  Edmund (D:6)
  A sky beast (D:5)
  2 centaurs
  4 orc warriors (Bailey)
  A giant frog (D:5)
  A centaur skeleton (D:4)
  3 crimson imps
  A jelly (D:5)
  An orc priest (D:7)
  Ijyb (D:3)
  3 giant frog skeletons
  2 hounds
  3 iguanas
  A giant frog zombie (D:5)
  An orc wizard (D:6)
  2 worker ants
  A hound zombie (D:6)
  8 adders
  8 gnolls
  3 shadow imps
  An ooze (D:2)
  3 adder skeletons
  An adder zombie (D:7)
  3 worms
  2 giant geckos
  22 orcs
  2 ball pythons
  8 giant cockroaches
  4 goblins
  8 hobgoblins
  7 jackals
  4 quokkas
  A ball python zombie (D:5)
  11 bats
  3 giant gecko skeletons
  4 giant newts
  8 kobolds
  A quokka skeleton (D:4)
  7 rats
151 creatures vanquished.

Notes
Turn   | Place    | Note
--------------------------------------------------------------
     0 | D:1      | Goblin1989 the Vine Stalker Monk began the quest for the Orb.
     0 | D:1      | Reached XP level 1. HP: 11/11 MP: 2/2
   144 | D:1      | Reached XP level 2. HP: 11/16 MP: 3/3
   397 | D:1      | Reached skill level 5 in Unarmed Combat
   397 | D:1      | Reached XP level 3. HP: 10/19 MP: 1/4
  1173 | D:2      | Reached XP level 4. HP: 23/23 MP: 5/5
  1444 | D:3      | Found a blossoming altar of Fedhas.
  1519 | D:3      | Found a shimmering altar of Xom.
  1574 | D:3      | Reached skill level 6 in Unarmed Combat
  1717 | D:3      | Noticed Nico3ck's ghost (amateur NaWz)
  1822 | D:3      | Noticed Ijyb
  1850 | D:3      | Killed Ijyb
  1850 | D:3      | Reached XP level 5. HP: 18/27 MP: 6/6
  2266 | D:4      | Noticed Sigmund
  2352 | D:2      | Found a burning altar of Makhleb.
  2357 | D:2      | Became a worshipper of Makhleb the Destroyer
  2357 | D:2      | Acquired Makhleb's first power
  2357 | D:2      | Acquired Makhleb's second power
  2539 | D:2      | Reached skill level 7 in Unarmed Combat
  2539 | D:2      | Gained mutation: You heal very quickly. [Vine Stalker growth]
  2539 | D:2      | Reached XP level 6. HP: 13/32 MP: 2/7
  2995 | D:4      | Found a glowing golden altar of the Shining One.
  3026 | D:4      | Killed Sigmund
  3026 | D:4      | Reached skill level 8 in Unarmed Combat
  3026 | D:4      | Reached XP level 7. HP: 17/35 MP: 6/8
  3397 | D:5      | Entered Level 5 of the Dungeon
  3748 | D:5      | Reached skill level 9 in Unarmed Combat
  3748 | D:5      | Gained mutation: You have razor-sharp teeth. [Vine Stalker growth]
  3748 | D:5      | Reached XP level 8. HP: 38/42 MP: 7/9
  4212 | D:6      | Acquired Makhleb's third power
  4294 | D:6      | Reached skill level 5 in Fighting
  4416 | D:6      | Noticed Edmund
  4434 | D:6      | Killed Edmund
  4575 | D:6      | Found a snail-covered altar of Cheibriados.
  4684 | D:6      | Got a jewelled hand axe
  4685 | D:6      | Identified the +12 hand axe of Pain and Death {freeze, +Blink} (You found it on level 6 of the Dungeon)
  4938 | D:6      | Got a crystal falchion
  4939 | D:6      | Identified the cursed +1 falchion of the Eggplant {freeze, -Tele rN+ MR+ Str+4} (You found it on level 6 of the Dungeon)
  5234 | D:7      | Found a flagged portal.
  5247 | Bailey   | Entered a bailey
  5327 | Bailey   | Acquired Makhleb's fourth power
  5485 | Bailey   | Noticed an orc knight
  5485 | Bailey   | Noticed an orc knight
  5588 | Bailey   | Killed an orc knight
  5588 | Bailey   | Reached skill level 1 in Throwing
  5588 | Bailey   | Reached XP level 9. HP: 48/48 MP: 10/10
  5590 | Bailey   | Killed an orc knight
  5774 | D:7      | HP: 1/49 [orc warrior/glaive (16)]
  5778 | D:7      | Mangled by an orc warrior

Vault maps used:
D:1:      minmay_arrival_hallway, kennysheep_small_spiral, minivault_5
D:2:      lightli_temple_of_fire, first_bread, minmay_misc_feat_enclosed
D:3:      xom_teletrap_fun, old_standard_altar, uniq_iyjb
D:4:      lemuel_crystal_altar, uniq_sigmund
D:6:      slow_altar_1, uniq_edmund
D:7:      minitemple, lemuel_temple_firewalk, enter_bailey_2, uniq_duvessa
Bailey:   bailey_polearm_1, bailey

Action                   |  1- 3 |  4- 6 |  7- 9 || total
-------------------------+-------+-------+-------++-------
Melee: Unarmed           |   101 |   179 |   181 ||   461
       Blowgun           |       |     1 |       ||     1
 Fire: Blowgun           |       |     4 |    77 ||    81
  Use: Scroll            |       |     5 |    11 ||    16
       Potion            |       |       |     1 ||     1
 Stab: Sleeping          |     5 |     6 |    13 ||    24
  Eat: Chunk             |       |     5 |     7 ||    12
       Pizza             |       |     1 |       ||     1
       Bread ration      |       |       |     1 ||     1
